Map: Frozen Temple

Players

llllllllllll - Winner!

  • Race: Protoss Protoss
  • League: Diamond

fOOfcat

  • Race: Zerg Zerg
  • League: Diamond

VOD

Have the link to the VOD?

Description

Time

  • Played on: Oct. 2, 2016, 4:06 p.m.
  • Length: 15:27
Show
View Real Time Build Order
Export as new Build Order

llllllllllll Protoss - Winner!

Build Orders: 1 Gate Expand 

Get SALT Encoding   

  12  0:01  Probe (Chrono Boost)  
  13  0:11  Probe (Chrono Boost)  
  14  0:22  Probe (Chrono Boost)  
  14  0:26  Pylon  
  15  0:44  Probe (Chrono Boost)  
  15  0:47  Gateway  
  16  0:54  Probe (Chrono Boost)  
  16  0:55  Assimilator  
  17  1:00  Assimilator  
  17  1:05  Probe (Chrono Boost)  
  18  1:15  Probe (Chrono Boost)  
  19  1:35  Nexus  
  19  1:40  Probe (Chrono Boost)  
  20  1:48  Cybernetics Core  
  20  1:52  Probe (Chrono Boost)  
  21  2:03  Probe (Chrono Boost)  
  21  2:07  Pylon  
  22  2:13  Probe (Chrono Boost)  
  23  2:25  Zealot  
  25  2:35  Probe (Chrono Boost)  
  26  2:42  Pylon  
  26  2:45  Probe (Chrono Boost)  
  27  2:52  Zealot, Probe (Chrono Boost)  
  27  2:56  Probe (Chrono Boost)  
  27  2:57  Assimilator  
  31  2:59  Assimilator  
  31  3:02  Probe (Chrono Boost)  
  32  3:10  Mothership Core (Chrono Boost)  
  34  3:14  Probe (Chrono Boost)  
  35  3:34  Probe x2 (Chrono Boost)  
  37  3:43  Stargate  
  37  3:44  Probe (Chrono Boost)  
  37  3:47  Stargate  
  38  3:50  Stargate  
  38  4:00  Forge, Probe x2 (Chrono Boost)  
  40  4:03  Stalker  
  42  4:10  Probe (Chrono Boost)  
  43  4:23  Probe x2 (Chrono Boost)  
  45  4:29  Pylon  
  45  4:34  Probe x2 (Chrono Boost)  
  43  4:46  Probe x2 (Chrono Boost)  
  45  4:53  Photon Cannon  
  45  4:54  Pylon  
  45  4:56  Photon Cannon, Probe (Chrono Boost)  
  45  4:57  Oracle  
  45  4:58  Oracle  
  52  5:04  Oracle  
  55  5:11  Probe (Chrono Boost)  
  56  5:17  Pylon  
  56  5:25  Robotics Facility  
  56  5:28  Robotics Facility  
  56  5:34  Oracle x2  
  62  5:39  Oracle  
  62  5:42  Pylon  
  65  5:51  Photon Cannon  
  65  5:52  Photon Cannon  
  65  5:57  Probe (Chrono Boost)  
  67  6:00  Probe (Chrono Boost)  
  67  6:07  Probe (Chrono Boost)  
  67  6:10  Oracle x2  
  74  6:13  Photon Cannon  
  74  6:15  Oracle  
  77  6:27  Photon Cannon  
  77  6:46  Oracle x2  
  83  6:51  Oracle  
  86  6:54  Nexus  
  86  6:57  Pylon  
  86  7:18  Photon Cannon x2  
  86  7:21  Photon Cannon, Oracle x2  
  92  7:24  Assimilator, Probe (Chrono Boost)  
  92  7:25  Probe (Chrono Boost)  
  92  7:26  Assimilator  
  94  7:33  Pylon  
  94  7:52  Probe x2 (Chrono Boost)  
  99  8:00  Photon Cannon  
  99  8:02  Gateway, Probe x2 (Chrono Boost)  
  99  8:03  Gateway  
  101  8:11  Gateway, Void Ray x2  
  103  8:49  Gateway  
  103  8:50  Void Ray  
  103  8:54  Void Ray  
  115  9:00  Adept x3  
  117  9:19  Nexus  
  117  9:21  Pylon  
  116  9:40  Pylon  
  116  9:41  Pylon  
  116  9:43  Pylon  
  116  9:45  Pylon, Phoenix  
  114  9:51  Phoenix  
  114  9:52  Phoenix  
  116  9:55  Pylon  
  116  9:56  Pylon  
  116  9:58  Pylon  
  116  10:06  Stalker x4  
  124  10:10  Phoenix  
  123  10:27  Phoenix  
  123  10:28  Phoenix  
  120  10:35  Photon Cannon, Phoenix  
  99  10:36  Stalker  
  99  10:38  Photon Cannon  
  101  10:46  Probe (Chrono Boost)  
  102  10:52  Phoenix  
  102  10:56  Probe (Chrono Boost)  
  98  11:07  Probe (Chrono Boost)  
  99  11:17  Phoenix  
  101  11:19  Pylon  
  101  11:20  Photon Cannon  
  101  11:22  Photon Cannon, Phoenix  
  101  11:29  Phoenix  
  98  11:39  Photon Cannon  
  98  11:40  Stalker x3  
  98  11:41  Stalker  
  98  11:42  Photon Cannon, Phoenix  
  108  11:47  Phoenix  
  110  11:54  Phoenix  
  112  12:07  Phoenix  
  114  12:10  Stalker x2  
  114  12:12  Phoenix  
  117  12:19  Phoenix  
  117  12:22  Stalker  
  121  12:32  Phoenix  
  123  12:37  Phoenix  
  125  12:44  Phoenix  
  118  13:04  Void Ray x2  
  131  13:50  Oracle x3  
  128  14:25  Oracle x2  
  128  14:26  Oracle  
  137  14:38  Zealot x3  
Show
View Real Time Build Order
Export as new Build Order

fOOfcat Zerg 

Build Orders: 3 Hatch before Pool 

Get SALT Encoding   

  12  0:02  Drone  
  13  0:12  Overlord  
  13  0:18  Drone  
  14  0:32  Drone x2  
  16  0:37  Drone  
  17  0:54  Hatchery  
  16  0:58  Drone  
  16  0:59  Drone  
  18  1:18  Drone x2  
  20  1:33  Hatchery  
  20  1:38  Spawning Pool  
  18  1:55  Drone x2  
  20  2:10  Drone x3  
  23  2:22  Overlord  
  23  2:28  Drone x2  
  23  2:29  Queen  
  25  2:34  Overlord  
  27  2:39  Drone  
  27  2:40  Queen  
  30  2:46  Drone x2  
  30  2:47  Queen  
  35  2:51  Drone x2  
  36  2:59  Drone  
  36  3:00  Drone  
  36  3:05  Spine Crawler  
  37  3:06  Spine Crawler  
  37  3:09  Spore Crawler  
  37  3:10  Spore Crawler  
  37  3:12  Drone x2  
  36  3:24  Drone x4  
  40  3:32  Spine Crawler  
  40  3:34  Spore Crawler  
  38  3:41  Extractor, Drone x3  
  37  3:42  Extractor, Drone x5  
  44  3:56  Roach Warren  
  44  4:02  Drone x4  
  47  4:06  Extractor  
  46  4:10  Extractor  
  45  4:29  Drone x2  
  45  4:30  Drone  
  47  4:42  Drone x2  
  47  4:43  Drone x3  
  47  4:44  Overlord x4  
  50  4:46  Lair  
  50  4:48  Metabolic Boost  
  50  5:02  Queen x2  
  50  5:05  Drone  
  55  5:07  Drone  
  55  5:08  Drone x6  
  55  5:09  Drone x3  
  65  5:17  Overlord  
  65  5:22  Evolution Chamber  
  65  5:27  Evolution Chamber  
  63  5:37  Queen  
  65  5:47  Hatchery  
  64  5:53  Spire  
  64  5:54  Zerg Melee Weapons Level 1, Zerg Ground Armor Level 1  
  64  5:55  Zergling x2  
  64  5:56  Zergling x20  
  74  6:05  Drone x3  
  74  6:06  Drone x5  
  74  6:10  Extractor  
  81  6:11  Extractor  
  78  6:43  Spore Crawler  
  78  6:45  Spore Crawler  
  78  6:46  Drone x12  
  78  6:47  Drone x2  
  80  7:07  Hatchery  
  70  7:11  Spore Crawler  
  70  7:14  Spore Crawler  
  70  7:15  Spore Crawler  
  67  7:24  Drone  
  67  7:25  Drone x11  
  67  7:26  Queen  
  67  7:29  Spore Crawler  
  80  7:30  Spore Crawler  
  80  7:36  Spore Crawler  
  78  7:39  Spore Crawler  
  78  7:40  Spore Crawler, Spine Crawler  
  78  7:42  Spine Crawler  
  73  7:56  Zergling x2  
  73  7:57  Zergling x18  
  65  8:37  Drone  
  65  8:38  Drone x2  
  65  8:39  Mutalisk  
  65  8:40  Mutalisk x5  
  81  8:42  Overlord x3  
  80  8:52  Drone x2, Baneling Nest  
  81  9:02  Mutalisk  
  81  9:03  Mutalisk x7  
  97  9:11  Spore Crawler  
  97  9:13  Spore Crawler  
  95  9:24  Hatchery  
  94  9:27  Spore Crawler, Mutalisk  
  94  9:28  Mutalisk x4  
  94  9:31  Spore Crawler  
  102  9:32  Spore Crawler  
  102  9:36  Spore Crawler  
  94  9:52  Mutalisk x3  
  90  9:54  Drone x4  
  90  9:58  Extractor  
  90  9:59  Extractor  
  96  10:11  Drone x9  
  96  10:12  Drone  
  91  10:39  Mutalisk  
  91  10:40  Mutalisk x2  
  97  10:44  Drone x6  
  85  11:22  Lair  
  85  11:39  Drone x3  
  89  11:40  Drone  
  89  11:55  Hatchery  
  88  12:30  Hydralisk Den  
  87  12:43  Overlord x3  
  87  12:45  Overlord x4  
  87  12:46  Overlord  
  71  13:01  Hydralisk x2  
  71  13:02  Hydralisk x13  
  82  13:05  Muscular Augments  
  82  13:07  Zerg Missile Weapons Level 1, Zerg Ground Armor Level 2  
  82  13:09  Hydralisk x2  
  82  13:12  Hydralisk x4  
  82  13:37  Hydralisk x8  
  91  14:18  Hydralisk  
  91  14:19  Hydralisk x7  
  91  14:20  Spore Crawler  
  102  14:33  Drone x4  
  90  15:00  Hydralisk x3  
Tags
 
Add a new tag
Caveats
  • Supply blocks, unpowered buildings, or Contaminate may cause inaccurate times.
  • Supply counts are checked every 10 seconds.